 Dungeon Crawl Stone Soup version 0.27-a0-75-g9f9dfd16e9 (webtiles) character file.

Game seed: 14549662045315104210

367 jesse the Slasher (level 6, -5/54 HPs)
             Began as a Palentonga Fighter on Jan 7, 2021.
             Slain by an orc warrior
             ... wielding a +0 morningstar
              (26 damage)
             ... on level 5 of the Dungeon on Jan 13, 2021.
             The game lasted 00:10:34 (2890 turns).

jesse the Slasher (Palentonga Fighter)              Turns: 2890, Time: 00:10:37

Health: -5/54      AC:  6    Str: 19    XL:     6   Next: 41%
Magic:  6/6        EV:  5    Int:  9    God:
Gold:   157        SH:  8    Dex: 11    Spells: 5/5 levels left

rFire    . . .     SeeInvis +   a - +0 long sword
rCold    . . .     Faith    .   c - +0 kite shield
rNeg     . . .     Spirit   .   b - +0 scale mail
rPois    .         Reflect  .   (no helmet)
rElec    .         Harm     .   (no cloak)
rCorr    .         Rampage  .   (no gloves)
Will     .....                  (no barding)
Stlth    ..........             (no amulet)
HPRegen  0.18/turn              (no ring)
MPRegen  0.10/turn              (no ring)

@: no status effects
A: large, rugged brown scales 3, see invisible, deformed body, roll 1, armoured
tail
a: Rolling Charge


You were on level 5 of the Dungeon.
You visited 1 branch of the dungeon, and saw 4 of its levels.

You collected 157 gold pieces.

Inventory:

Hand Weapons
 a - a +0 long sword (weapon)
Armour
 b - a +0 scale mail (worn)
 c - a +0 kite shield (worn)
Jewellery
 g - an uncursed ring of ice {unknown}
 h - an uncursed ring of protection from cold {unknown}
Wands
 m - a wand of flame (5)
Scrolls
 f - 4 scrolls of identify {unknown}
 j - 2 scrolls of remove curse {unknown}
 l - a scroll of teleportation {unknown}
 n - a scroll of random uselessness {unknown}


   Skills:
 - Level 3.0 Fighting
 + Level 6.8 Long Blades
 - Level 2.4 Armour
 - Level 2.4 Shields
 + Level 0.4 Evocations


You had 5 spell levels left.
You didn't know any spells.
Your spell library was empty.

Dungeon Overview and Level Annotations

Branches:
Dungeon (3/15)

Altars:
Elyvilon
Nemelex Xobeh


Innate Abilities, Weirdness & Mutations

You are completely covered in rugged brown scales. (AC +3, +7% HP)
You have supernaturally acute eyesight. (SInv)
Armour fits poorly on your strangely shaped body.
You can roll at nearby foes to attack.
You have a long armoured tail.


Message History

The orc warrior shouts!
You see here a potion of curing.
You hit the orc warrior.
The orc warrior is lightly wounded.
The orc warrior hits you with a +0 morningstar!!
Ouch! That really hurt!
You are too injured to fight recklessly!
You are too injured to fight recklessly!
You see here a potion of curing.
d - a potion of curing The orc warrior hits you with a +0 morningstar.
* * * LOW HITPOINT WARNING * * *
You feel better. You block the orc warrior's attack.
Aiming: Throw Flame
Press: ? - help, Shift-Dir - straight line, f - orc warrior
Aim: an orc warrior, wielding a +0 morningstar and wearing a +0 chain mail (lightly wounded, 36% to evade)
The puff of flame hits the orc warrior.
The orc warrior is moderately wounded.
The orc warrior hits you with a +0 morningstar!!
You die...

#.......# .8o8#
#.......# o..##
#####...# $..) ##..#
#..(#. #..##....#.#
...#######.##...
.......†)†.#..#
...#######.#.##########.
#....@o........
#...?....#####..
#........# ...........#
..........).#
.............#
.............#
.$.......?...#


You could see an orc warrior.

Vanquished Creatures
  An ice beast (D:5)
  Blork the orc (D:5)
  An orc priest (D:5)
  An orc wizard (D:5)
  An iguana (D:5)
  A worker ant (D:5)
  2 adders (D:2)
  A white imp (D:5)
  An ufetubus (D:5)
  A worm (D:2)
  2 dart slugs
  2 leopard geckos
  4 orcs (D:5)
  A ball python (D:1)
  7 bats
  5 giant cockroaches
  13 goblins
  7 hobgoblins
  3 jackals (D:2)
  4 frilled lizards (D:1)
  9 kobolds
  3 rats
71 creatures vanquished.

Vanquished Creatures (others)
  3 fungi (D:3)
3 creatures vanquished.

Grand Total: 74 creatures vanquished

Notes
Turn   | Place    | Note
-------+----------+-------------------------------------------
     0 | D:1      | jesse the Palentonga Fighter began the quest for the Orb.
     0 | D:1      | Reached XP level 1. HP: 20/20 MP: 1/1
   283 | D:1      | Reached XP level 2. HP: 27/27 MP: 2/2
   415 | D:1      | Reached skill level 3 in Long Blades
   966 | D:2      | Found a sparkling altar of Nemelex Xobeh.
   978 | D:2      | Reached XP level 3. HP: 33/33 MP: 3/3
  1316 | D:2      | Reached skill level 4 in Long Blades
  1838 | D:2      | Reached XP level 4. HP: 40/40 MP: 4/4
  2254 | D:3      | Found a white marble altar of Elyvilon.
  2404 | D:3      | Upgraded the game from 0.27-a0-46-g34d46f0a3f to
                  | 0.27-a0-54-g64bdb92e38
  2438 | D:3      | You fall into a shaft and drop 2 floors!
  2438 | D:5      | Entered Level 5 of the Dungeon
  2479 | D:5      | Reached skill level 5 in Long Blades
  2489 | D:5      | Reached XP level 5. HP: 36/48 MP: 5/5
  2575 | D:5      | Reached skill level 6 in Long Blades
  2630 | D:5      | Noticed Blork the orc
  2645 | D:5      | Killed Blork the orc
  2646 | D:5      | Reached XP level 6. HP: 3/54 MP: 6/6
  2720 | D:5      | Noticed an ice beast
  2723 | D:5      | Upgraded the game from 0.27-a0-54-g64bdb92e38 to
                  | 0.27-a0-74-gebd156f8b4
  2723 | D:5      | Upgraded the game from 0.27-a0-74-gebd156f8b4 to
                  | 0.27-a0-75-g9f9dfd16e9
  2725 | D:5      | Killed an ice beast
  2881 | D:5      | Noticed an orc warrior
  2890 | D:5      | Slain by an orc warrior

Illustrated notes

Levels and vault maps discovered:
D:1:      saegor_arrival_simple_b, layout_loops_ring, minivault_27,
          chequers_serial_rivers_micro_e
D:2:      layout_loops_ring, general_overflow_altar, lemuel_flame_loot_1
D:3:      layout_basic, grunt_dithmenos_smoke_and_mirrors, elyvilon_altar_1,
          st_stairs_10
D:5:      layout_basic, chequers_serial_rivers_large_a, guppyfry_early_orc_mine,
          uniq_blork_the_orc

Skill      XL: |  1  2  3  4  5 |
---------------+----------------+-----
Long Blades    | 3 4 5 6 |  6.8
Fighting       | |  3.0
Armour         | |  2.4
Shields        | |  2.4
Evocations     | |  0.4

Action                   |  1- 3 |  4- 6 || total
-------------------------+-------+-------++-------
Melee: Long sword        |   126 |    84 ||   210
       Tailslap          |     9 |    15 ||    24
Evoke: Wand              |       |    10 ||    10
  Use: Potion            |       |     6 ||     6
Armor: Scale mail        |    75 |    23 ||    98
Dodge: Dodged            |    30 |    11 ||    41
Block: Kite shield       |    55 |    45 ||   100
       Rpst.: Long sword |     6 |     3 ||     9

Table legend: (Time is in decaauts)
 A = Elapsed time spent in this place.
 B = Non-inter-level travel time spent in this place.
 C = Inter-level travel time spent in this place.
 D = Time resting spent in this place.
 E = Time spent auto-exploring this place.
 F = Levels seen in this place.
 G = Mean time per level.
                   A        B        C        D        E       F      G
               +--------+--------+--------+--------+--------+-----+--------+
         Total |   2974 |   2886 |     88 |    366 |   1772 |   4 |  743.5 |
       Dungeon |   2974 |   2886 |     88 |    366 |   1772 |   4 |  743.5 |
               +--------+--------+--------+--------+--------+-----+--------+

Top non-repeatable levels by time:
     D:2: 1044 daAuts
     D:1: 991 daAuts
     D:5: 484 daAuts
     D:3: 453 daAuts
